AoeStats
← Thedrunkenpiper

Arena

506534685Analyzed
2v2 RM · 18d ago on Sep 13, 2026· 34m 53s· 4 players
Game mode
Random Map
Map size
Medium (4 player)
Population
200
Speed
Normal
Resources
Standard
Victory
Conquest
Starting age
Dark Age
Ending age
Imperial Age
RankedLock teamsTeams togetherTeam positionsShared explorationLock speedFull tech treeHidden civsTurbo modeCheats
Victory
Defeat
🇨🇴 Romans · Colombia
849
+16
🇨🇴 Celts · Colombia
770
+18
🇺🇸 Cumans · United States
865
-48
🇺🇸 Goths · United States
813
-38
JÄGGERMEISTER |
1:10 Loom
12:52 Feudal Age
14:27 Man-at-Arms
17:09 Scale Mail Armor
17:21 Forging
19:38 Castle Age
18:55 Scale Mail Armor
19:01 Horse Collar
20:09 Double-Bit Axe
21:20 Long Swordsman
24:49 Forging
26:40 Chain Mail Armor
27:25 Squires
29:08 Iron Casting
JUGGERNAUT |
0:49 Loom
12:51 Feudal Age
14:07 Wheelbarrow
13:17 Town Watch
13:22 Double-Bit Axe
12:59 Man-at-Arms
20:44 Fletching
24:11 Forging
24:01 Scale Mail Armor
Thedrunkenpiper
13:12 Feudal Age
Chungucha
10:46 Feudal Age
17:08 Man-at-Arms
17:54 Scale Mail Armor
23:36 Wheelbarrow
26:53 Horse Collar
35:24 Castle Age
Connection lost

Rejoining the realm…

Still unreachable

The connection could not be restored.

Session expired

The server has moved on; the page needs a fresh start.